 Dungeon Crawl Stone Soup version 0.18-a0-327-gb1de508 (webtiles) character file.

2520 Proton the Cleaver (level 9, -3/66 HPs)
             Began as a Formicid Fighter on Nov 27, 2015.
             Was a Priest of Cheibriados.
             Slain by P0WERM0DE's ghost (4 damage)
             ... on level 7 of the Dungeon.
             The game lasted 00:11:37 (5900 turns).

Proton the Cleaver (Formicid Fighter)               Turns: 5900, Time: 00:11:37

Health: -3/66      AC: 12    Str: 33    XL:     9   Next: 83%
Magic:  9/9        EV:  8    Int: 18    God:    Cheibriados [***...]
Gold:   302        SH: 12    Dex: 18    Spells: 0 memorised, 8 levels left

rFire  . . .     SeeInvis +     b - +0 battleaxe
rCold  . . .     Clarity  .     v - +0 plate armour
rNeg   . . .     SustAt   .     c - +0 shield
rPois  .         Gourm    .     (helmet unavailable)
rElec  .         Spirit   .     (no cloak)
rCorr  .         Warding  .     (no gloves)
rMut   .         Stasis   +     (no boots)
MR     .....                    (no amulet)
Stlth  ..........               D - +3 ring of intelligence
                                a - ring of flight

@: drained, very slow, not resistant to hostile enchantments, extremely
unstealthy
A: permanent stasis, dig shafts and tunnels, four strong arms, antennae 3
a: Dig, Shaft Self, Bend Time, Temporal Distortion, Renounce Religion, Evoke
Flight


You were on level 7 of the Dungeon.
You worshipped Cheibriados.
Cheibriados was most pleased with you.
You were not hungry.

You visited 1 branch of the dungeon, and saw 7 of its levels.
You also visited: Ossuary.

You collected 302 gold pieces.

Inventory:

Hand Weapons
 b - a +0 battleaxe (weapon)
Armour
 c - a +0 shield (worn)
 v - a +0 plate armour (worn)
Jewellery
 a - a ring of flight (left hand)
 y - an uncursed ring of ice
 D - a +3 ring of intelligence (right hand)
Scrolls
 f - 2 scrolls of blinking {unknown}
 k - 4 scrolls of teleportation {unknown}
 o - 4 scrolls of amnesia {unknown}
 p - a scroll of enchant armour {unknown}
 r - a scroll of fear {unknown}
 u - 6 scrolls of remove curse {unknown}
 x - a scroll of noise {unknown}
 C - a scroll of random uselessness {unknown}
 E - a scroll of identify
 F - a scroll of fog {unknown}
Potions
 d - a potion of might
 e - 2 potions of poison {unknown}
 g - a potion of cure mutation
 h - a potion of lignification {unknown}
 i - 3 potions of agility
 j - 6 potions of curing
 l - 3 potions of flight
 n - 3 potions of resistance
 q - 2 potions of brilliance
 w - a potion of invisibility
 B - 3 potions of heal wounds
 G - a potion of berserk rage {unknown}
Books
 A - a book of Power

   Spells                             Type                      Level
   a - Fulminant Prism                Conjuration/Hexes            4
   b - Iskenderun's Mystic Blast      Conjuration                  4
   c - Venom Bolt                     Conjuration/Poison           5
   d - Bolt of Magma                  Conjuration/Fire/Earth       5
   e - Iron Shot                      Conjuration/Earth            6
   f - Orb of Destruction             Conjuration                  7
   g - Spellforged Servitor           Conjuration/Summoning        7
Comestibles
 m - 3 bread rations
 s - a beef jerky
 t - 4 fruits
 z - 3 meat rations


   Skills:
 - Level 4.4(3.4) Fighting
 * Level 8.6(7.4) Axes
 + Level 7.6(6.4) Armour
 - Level 2.2(1.2) Dodging
 + Level 8.0(6.9) Shields


You had 8 spell levels left.
You didn't know any spells.

Dungeon Overview and Level Annotations

Branches:
Dungeon (7/15)             Temple (0/1) D:4

Altars:
Cheibriados
Elyvilon
Kikubaaqudgha
Makhleb
Nemelex Xobeh
Qazlal
Sif Muna

Annotations:
D:7 P0WERM0DE's ghost, novice DrCK


Innate Abilities, Weirdness & Mutations

You are under a permanent stasis effect.
You can dig through walls and to a lower floor.
Your four strong arms can wield two-handed weapons with a shield.
You have a pair of large antennae on your head (SInv).


Message History

P0WERM0DE's ghost barely misses you.
Your plate armour prevents you from hitting P0WERM0DE's ghost.
P0WERM0DE's ghost is almost destroyed.
You block P0WERM0DE's ghost's attack.
You closely miss P0WERM0DE's ghost.
P0WERM0DE's ghost is almost destroyed.
P0WERM0DE's ghost breathes negative energy at you.
The bolt of negative energy hits you!
You feel drained. P0WERM0DE's ghost hits you!
* * * LOW HITPOINT WARNING * * *
You closely miss P0WERM0DE's ghost.
P0WERM0DE's ghost is almost destroyed.
P0WERM0DE's ghost hits you!
* * * LOW HITPOINT WARNING * * *
You hit P0WERM0DE's ghost.
P0WERM0DE's ghost is almost destroyed.
P0WERM0DE's ghost hits you!
* * * LOW HITPOINT WARNING * * *
P0WERM0DE's ghost hits you.
You die...

#################
#................
#................ .
#................ ..
#................ ..
#................ ..
##+##'###.####.. .#
##.##..##.########..###
................@.....#
................W.....#
......................#
......................#
#..##...####..####.####
#..#########..### .#
....................
.....................
..................


You could see P0WERM0DE's ghost.

Vanquished Creatures
  The ghost of P0WERM0DE the Grappler, a novice DrFi of Ru (D:6)
  Menkaure (Ossuary)
  A black bear (D:5)
  A water moccasin (D:7)
  An ice beast (D:5)
  3 sky beasts
  3 phantoms (D:5)
  2 ogres
  A giant frog (D:5)
  4 scorpions
  A jelly (D:5)
  A quasit (D:6)
  2 crimson imps
  3 hounds
  2 centaur skeletons
  An orc priest (D:4)
  5 orc wizards
  3 worker ants
  Jessica (D:2)
  2 iguanas
  4 mummies
  7 adders
  A gnoll (D:5)
  2 shadow imps (D:5)
  An ooze (D:3)
  5 worms
  10 giant geckos
  16 orcs
  2 ball pythons
  7 bats
  5 giant cockroaches
  3 gnoll zombies (Ossuary)
  8 goblins
  17 hobgoblins
  4 jackals (D:5)
  9 kobolds
  A quokka (D:5)
  A ball python skeleton (D:4)
  A ball python zombie (D:5)
  6 giant newts
  2 gnoll skeletons (Ossuary)
  4 goblin zombies (Ossuary)
  A hobgoblin skeleton (Ossuary)
  5 hobgoblin zombies
  2 jackal skeletons
  2 kobold skeletons (Ossuary)
  2 kobold zombies
  3 orc skeletons (Ossuary)
  2 orc zombies (Ossuary)
  10 rats
  4 rat skeletons (Ossuary)
  3 rat zombies (Ossuary)
189 creatures vanquished.

Vanquished Creatures (others)
  A kobold (D:2)
  2 gnoll zombies (Ossuary)
  A goblin zombie (Ossuary)
  6 hobgoblin skeletons (Ossuary)
  2 hobgoblin zombies (Ossuary)
  3 kobold skeletons (Ossuary)
  A kobold zombie (Ossuary)
  An orc skeleton (Ossuary)
  An orc zombie (Ossuary)
  A rat (D:2)
  3 rat skeletons (Ossuary)
  A rat zombie (Ossuary)
23 creatures vanquished.

Grand Total: 212 creatures vanquished

Notes
Turn   | Place    | Note
--------------------------------------------------------------
     0 | D:1      | Proton the Formicid Fighter began the quest for the Orb.
     0 | D:1      | Reached XP level 1. HP: 18/18 MP: 1/1
    64 | D:1      | Reached XP level 2. HP: 21/24 MP: 2/2
   565 | D:1      | Reached XP level 3. HP: 25/29 MP: 3/3
   767 | D:2      | Reached skill level 1 in Dodging
   767 | D:2      | Reached XP level 4. HP: 32/37 MP: 4/4
   786 | D:2      | Noticed Jessica
   789 | D:2      | Killed Jessica
   789 | D:2      | Reached skill level 4 in Fighting
   897 | D:2      | Found a white marble altar of Elyvilon.
  1108 | D:2      | Found a burning altar of Makhleb.
  1223 | D:2      | Reached XP level 5. HP: 40/42 MP: 5/5
  1315 | D:2      | Found a stormy altar of Qazlal.
  1316 | D:2      | Found a sparkling altar of Nemelex Xobeh.
  1805 | D:3      | Reached XP level 6. HP: 28/48 MP: 6/6
  2332 | D:3      | Found a deep blue altar of Sif Muna.
  2335 | D:3      | Found a snail-covered altar of Cheibriados.
  2338 | D:3      | Found an ancient bone altar of Kikubaaqudgha.
  2344 | D:3      | Became a worshipper of Cheibriados the Contemplative
  2383 | D:4      | Noticed a sky beast
  2393 | D:4      | Killed a sky beast
  2393 | D:4      | Reached skill level 5 in Shields
  2393 | D:4      | Reached XP level 7. HP: 33/55 MP: 7/7
  2585 | D:4      | Reached skill level 5 in Armour
  2615 | D:4      | Found a staircase to the Ecumenical Temple.
  3244 | D:4      | Reached * piety under Cheibriados
  3279 | D:5      | Entered Level 5 of the Dungeon
  3326 | D:5      | Found a sand-covered staircase.
  3328 | D:5      | Reached XP level 8. HP: 61/61 MP: 8/8
  3331 | Ossuary  | Entered an ossuary
  3336 | Ossuary  | Reached skill level 5 in Axes
  3502 | Ossuary  | Reached ** piety under Cheibriados
  3545 | Ossuary  | Noticed Menkaure
  3550 | Ossuary  | Killed Menkaure
  3860 | D:5      | Reached skill level 6 in Shields
  4333 | D:5      | Reached XP level 9. HP: 58/66 MP: 9/9
  4339 | D:5      | Reached skill level 7 in Axes
  4581 | D:5      | Found a snail-covered altar of Cheibriados.
  4586 | D:5      | Reached *** piety under Cheibriados
  4952 | D:5      | Found a stormy altar of Qazlal.
  5327 | D:6      | Noticed P0WERM0DE's ghost (novice DrFi)
  5337 | D:6      | Reached skill level 8 in Axes
  5338 | D:6      | Killed P0WERM0DE's ghost
  5882 | D:7      | Noticed P0WERM0DE's ghost (novice DrCK)
  5900 | D:7      | HP: 1/66 [P0WERM0DE's ghost (10)]
  5900 | D:7      | Slain by P0WERM0DE's ghost

Vault maps used:
D:1:      minmay_arrival_glassed_features
D:2:      kennysheep_six_static_rooms, nicolae_overflow_hidden_temple,
          elyvilon_altar_4, uniq_jessica
D:3:      grunt_temple_overflow_diamond
D:4:      minmay_temple_entry_glass
D:5:      forest_paths, nicolae_ossuary_entry_giza, first_bread,
          hangedman_feature_mirror, minmay_misc_feat_enclosed
D:6:      hangedman_abyss_or_decor_stagger
D:7:      basic_altar, grunt_ogre_cave
Ossuary:  ossuary_due_pyramid

Action                   |  1- 3 |  4- 6 |  7- 9 || total
-------------------------+-------+-------+-------++-------
Melee: War axe           |    74 |   147 |       ||   221
       Battleaxe         |       |    89 |   336 ||   425
 Abil: Dig               |       |     1 |       ||     1
  Use: Scroll            |       |       |     9 ||     9
  Eat: Bread ration      |       |     1 |       ||     1
       Meat ration       |       |     1 |     1 ||     2
       Beef jerky        |       |       |     1 ||     1
